 Dungeon Crawl Stone Soup version 0.28-a0-796-gd4f0d3f9b2 (webtiles) character file.

Game seed: 1792517941879610934

6739 Glokmah the Covert (level 10, -1/51 HPs)
             Began as a Spriggan Brigand on Nov 6, 2021.
             Was a Believer of Sif Muna.
             Slain by an eight-headed hydra (5 damage)
             ... on level 1 of the Lair of Beasts.
             The game lasted 00:33:03 (13342 turns).

Glokmah the Covert (Spriggan Brigand)              Turns: 13342, Time: 00:33:04

Health: -1/51      AC:  6    Str:  7    XL:     10   Next: 75%
Magic:  12/20      EV: 22    Int: 17    God:    Sif Muna [**....]
Gold:   253        SH:  0    Dex: 22    Spells: 15/22 levels left

rFire   . . .      SeeInvis +   b - +1 short sword (drain)
rCold   . . .      Faith    +   (shield restricted)
rNeg    + . .      Spirit   .   g - +2 robe {Archmagi}
rPois   .          Reflect  .   (helmet restricted)
rElec   .          Harm     .   c - +1 cloak
rCorr   .          Rampage  .   (gloves unavailable)
Will    +....      Archmagi +   (boots unavailable)
Stlth   +++++.....              n - amulet of faith
HPRegen 0.17/turn               y - +6 ring of dexterity
MPRegen 0.17/turn               x - ring of positive energy

@: very quick
A: very small, no large weapons, unfitting armour, see invisible, speed 3
a: Renounce Religion, Channel Magic


You were on level 1 of the Lair of Beasts.
You worshipped Sif Muna.
Sif Muna was pleased with you.
You visited 3 branches of the dungeon, and saw 11 of its levels.

You collected 407 gold pieces.
You spent 154 gold pieces at shops.

Inventory:

Hand Weapons
 a - a +2 dagger
 b - a +1 short sword of draining (weapon)
Missiles
 d - 34 poisoned darts (quivered)
 e - 2 curare-tipped darts
 j - a boomerang
 A - a throwing net
Armour
 c - a +1 cloak (worn)
 f - a +2 robe of fire resistance
 g - a +2 robe of the Archmagi (worn)
Magical Staves
 s - a staff of poison
 C - a staff of death
Jewellery
 n - an amulet of faith (around neck)
 p - a ring of flight
 t - a ring of protection from fire
 x - a ring of positive energy (right hand)
 y - a +6 ring of dexterity (left hand)
 D - an amulet of guardian spirit
 E - an amulet of regeneration
Wands
 B - a wand of flame (20)
 I - a wand of digging (6)
Scrolls
 o - 2 scrolls of immolation
 r - 3 scrolls of teleportation
 v - a scroll of fear
 G - a scroll of enchant weapon {unknown}
Potions
 h - 2 potions of curing
 i - a potion of might {unknown}
 k - 2 potions of ambrosia
 l - 3 potions of cancellation
 q - a potion of degeneration {unknown}
 u - a potion of lignification {unknown}
 w - 2 potions of heal wounds {unknown}
 z - 2 potions of magic {unknown}
 F - a potion of invisibility {unknown}
 H - a potion of mutation {unknown}


   Skills:
 + Level 4.9 Fighting
 * Level 9.2 Short Blades
 - Level 4.0 Throwing
 - Level 6.0 Dodging
 - Level 12.0 Stealth
 + Level 6.5 Spellcasting
 * Level 4.2 Hexes
 + Level 3.5 Necromancy
 + Level 1.7 Ice Magic
 - Level 3.0 Earth Magic
 + Level 3.6 Invocations


You had 15 spell levels left.
You knew the following spells:

 Your Spells              Type           Power      Damage    Failure   Level
a - Borgnjor's Vile Clut  Necr/Erth      12%        N/A       65%         5
b - Ensorcelled Hibernat  Hex/Ice        46%        N/A       5%          2

Your spell library contained the following spells:

 Spells                   Type           Power      Damage    Failure   Level
 Tukima's Dance           Hex            29%        N/A       6%          3
 Animate Dead             Necr           13%        N/A       28%         4
 Death Channel            Necr           13%        N/A       99%         6


Dungeon Overview and Level Annotations

Branches:
Dungeon (9/15)             Temple (1/1) D:6            Lair (1/6) D:8
    Orc: D:9-12

Altars:
Ashenzari
Cheibriados
Dithmenos
Elyvilon
Fedhas
Gozag
Hepliaklqana
Kikubaaqudgha
Makhleb
Nemelex Xobeh
Okawaru
Qazlal
Ru
Sif Muna
Trog
Uskayaw
Vehumet
Wu Jian
Xom
Yredelemnul
Zin
The Shining One
Beogh

Shops:
D:7 ??[(:


Innate Abilities, Weirdness & Mutations

You are very small and have problems with some larger weapons.
You are too small for most types of armour.
You have supernaturally acute eyesight. (SInv)
You cover ground extremely quickly. (Speed+++)


Message History

Press: ? - help, Q - select action, (/) - cycle Shift-Dir - straight line, f/p - eight-headed hydra
Aim: an eight-headed hydra (82% to hit, chance to blind on hit: 23%)
You throw an atropa-tipped dart.
The atropa-tipped dart hits the eight-headed hydra.
The eight-headed hydra resists.
Casting: Ensorcelled Hibernation (safe; 5% risk of failure)
Confirm with . or Enter, or press ? or * to list all spells.
Aiming: Ensorcelled Hibernation (safe; 5% risk of failure)
Press: ? - help, Shift-Dir - straight line, f/p - eight-headed hydra
Aim: an eight-headed hydra (chance to affect: 20%)
You feel a surge of power!
The eight-headed hydra resists with almost no effort.
Casting: Ensorcelled Hibernation (safe; 5% risk of failure)
Confirm with . or Enter, or press ? or * to list all spells.
Aiming: Ensorcelled Hibernation (safe; 5% risk of failure)
Press: ? - help, Shift-Dir - straight line, f/p - eight-headed hydra
Aim: an eight-headed hydra (chance to affect: 20%)
You feel a surge of power!
The eight-headed hydra resists with almost no effort.
Casting: Ensorcelled Hibernation (safe; 5% risk of failure)
Confirm with . or Enter, or press ? or * to list all spells.
Aiming: Ensorcelled Hibernation (safe; 5% risk of failure)
Press: ? - help, Shift-Dir - straight line, f/p - eight-headed hydra
Aim: an eight-headed hydra (chance to affect: 20%)
You feel a surge of power!
The eight-headed hydra resists with almost no effort.
Casting: Ensorcelled Hibernation (safe; 5% risk of failure)
Confirm with . or Enter, or press ? or * to list all spells.
Aiming: Ensorcelled Hibernation (safe; 5% risk of failure)
Press: ? - help, Shift-Dir - straight line, f/p - eight-headed hydra
Aim: an eight-headed hydra (chance to affect: 20%)
You feel a surge of power!
The eight-headed hydra resists with almost no effort.
The eight-headed hydra closely misses you.
The eight-headed hydra bites you. The eight-headed hydra misses you.
The eight-headed hydra closely misses you.
The eight-headed hydra bites you. The eight-headed hydra bites you! x2
* * * LOW HITPOINT WARNING * * *
The eight-headed hydra bites you.
You die...

....#....(.###.####...++
.........(.......##...#
...##.....##....##...#
...##.....##....##...#
..........##....##
#####............#..
####......########..
.........D######....
.........@..........
[...................
....................
....................
............<.......
.P.P#.#...####.##...
......#...# ..#
.....#)..# .# .. .....#


You could see an eight-headed hydra.

Vanquished Creatures
  A two-headed ogre (D:8)
  A cane toad (Lair:1)
  The ghost of Mandevil the Grave Robber, a novice KoNe (D:5)
  2 blink frogs (Lair:1)
  Sigmund (D:3)
  5 yaks
  A wyvern (D:8)
  A steam dragon (D:7)
  8 water moccasins
  5 black bears
  4 ogres (D:5)
  An orc warrior (D:8)
  2 necrophages
  2 centaurs
  A phantom (D:3)
  A kobold brigand (D:7)
  4 bullfrogs
  3 scorpions
  12 killer bees
  4 wights (D:8)
  3 jellies
  A centaur zombie (D:5)
  2 hounds
  A gnoll shaman (D:6)
  7 orc priests
  Terence (D:3)
  An iguana (D:4)
  2 orc wizards
  A howler monkey zombie (D:5)
  5 gnolls
  8 adders
  3 shadow imps
  A white imp (D:6)
  2 ufetubi
  An adder skeleton (D:4)
  2 worms
  2 dart slugs
  31 orcs
  8 endoplasms
  3 giant cockroaches
  5 goblins
  3 hobgoblins
  5 jackals
  2 quokkas
  6 ball pythons
  A bat (D:1)
  5 frilled lizards
  10 kobolds
  6 rats
188 creatures vanquished.

Vanquished Creatures (others)
  56 fungi (D:8)
  46 plants (D:8)
102 creatures vanquished.

Grand Total: 290 creatures vanquished

Notes
Turn   | Place    | Note
-------+----------+-------------------------------------------
     0 | D:1      | Glokmah the Spriggan Brigand began the quest for the Orb.
     0 | D:1      | Reached XP level 1. HP: 10/10 MP: 2/2
   272 | D:1      | Reached skill level 6 in Stealth
   388 | D:1      | Reached XP level 2. HP: 15/15 MP: 3/3
   899 | D:2      | Reached XP level 3. HP: 18/18 MP: 4/4
  1083 | D:2      | Found a faded altar of an unknown god.
  1534 | D:3      | Noticed Sigmund
  1551 | D:3      | Killed Sigmund
  1552 | D:3      | Reached skill level 7 in Stealth
  1552 | D:3      | Reached skill level 1 in Spellcasting
  1552 | D:3      | Reached XP level 4. HP: 23/23 MP: 4/7
  1552 | D:3      | Reached XP level 5. HP: 26/26 MP: 4/8
  1564 | D:3      | Noticed Terence
  1819 | D:3      | Killed Terence
  2223 | D:3      | Reached XP level 6. HP: 30/30 MP: 9/9
  2770 | D:3      | Reached skill level 8 in Stealth
  3097 | D:4      | HP: 1/32 [centaur/arrow (5)]
  3858 | D:4      | Reached XP level 7. HP: 30/35 MP: 11/11
  4508 | D:4      | Reached skill level 5 in Short Blades
  4633 | D:5      | Entered Level 5 of the Dungeon
  4726 | D:5      | Found a runed translucent door.
  4726 | D:5      | Noticed Mandevil's ghost (novice KoNe)
  4733 | D:5      | Killed Mandevil's ghost
  4734 | D:5      | Reached skill level 9 in Stealth
  4824 | D:5      | Reached XP level 8. HP: 40/40 MP: 13/13
  5222 | D:5      | Reached skill level 10 in Stealth
  5407 | D:5      | Reached skill level 5 in Dodging
  5483 | D:5      | Learned a level 5 spell: Borgnjor's Vile Clutch
  6176 | D:6      | Found a burning altar of Makhleb.
  6668 | D:6      | Reached skill level 11 in Stealth
  6676 | D:6      | Found a staircase to the Ecumenical Temple.
  6682 | Temple   | Entered the Ecumenical Temple
  7040 | Temple   | Became a worshipper of Sif Muna the Loreminder
  7424 | D:6      | Reached XP level 9. HP: 26/45 MP: 16/16
  8164 | D:7      | Found Suegheuc's Book Emporium.
  8274 | D:6      | Reached skill level 1 in Necromancy
  8274 | D:6      | Reached skill level 1 in Earth Magic
  8609 | D:7      | Reached skill level 1 in Invocations
  8912 | D:7      | Bought a book of Maledictions for 154 gold pieces
  8915 | D:7      | Learned a level 2 spell: Ensorcelled Hibernation
  9397 | D:7      | Reached * piety under Sif Muna
  9457 | D:7      | Found Dufrynweph's Magic Scroll Shop.
  9463 | D:7      | Found Socegg's Antique Armour Shoppe.
  9476 | D:7      | Found Cadofa's Antique Weapon Shoppe.
  9602 | D:7      | Found Imydigos's Magic Scroll Boutique.
  9689 | D:7      | Reached skill level 5 in Spellcasting
 10440 | D:8      | Identified the +4 war axe of Fear {freeze, Fly rF+ Will-
                  | Int+3}
 10483 | D:8      | Reached skill level 12 in Stealth
 10688 | D:8      | Found a staircase to the Lair.
 10871 | D:8      | Reached ** piety under Sif Muna
 10872 | D:8      | Reached XP level 10. HP: 45/51 MP: 11/19
 11171 | D:7      | Reached skill level 1 in Hexes
 11718 | D:8      | Noticed a two-headed ogre
 11731 | D:8      | Killed a two-headed ogre
 11732 | D:8      | Reached skill level 1 in Ice Magic
 13135 | Lair:1   | Entered Level 1 of the Lair of Beasts
 13164 | Lair:1   | Noticed a cane toad
 13171 | Lair:1   | Killed a cane toad
 13248 | Lair:1   | Noticed an eight-headed hydra
 13342 | Lair:1   | Slain by an eight-headed hydra

Illustrated notes

Levels and vault maps discovered:
D:1:      scummos_arrival_checkerplants, layout_loops_ring
D:2:      layout_basic, hellmonk_ecumenical_altar_defaced_shrine, minivault_11,
          minivault_14
D:3:      layout_rooms, kennysheep_generic_room_5, uniq_sigmund, uniq_terence
D:4:      layout_rooms
D:5:      layout_basic, gammafunk_ghost_grave
D:6:      layout_layer_cave, bloody_makhleb, minmay_temple_entry_gardened_gates
D:7:      layout_cave_pools, serial_shops,
          nicolae_shop_competitors_out_of_business, shop, nicolae_stop_n_shop_2,
          shop_statue, nicolae_shop_stone, minivault_22
D:8:      layout_loops_ring, due_lair_maze_entry_diamond,
          minmay_misc_feat_plants
D:9:      minmay_curly_fans, layout_gridville, uniq_maggie
Temple:   regret_index_temple_sigil_plot
Lair:1:   layout_regular_city, minmay_lair_oklob_items

Skill      XL: |  1  2  3  4  5  6  7  8  9 10 |
---------------+-------------------------------+-----
Stealth        | 6 7 8 9 11 12 | 12.0
Short Blades   | 3 4 5 6 8 9 |  9.2
Dodging        | 2 3 4 5 6 |  6.0
Fighting       | 2 3 4 |  4.9
Spellcasting   | 1 2 3 4 5 6 |  6.5
Throwing       | 3 4 |  4.0
Necromancy     | 2 3 |  3.5
Earth Magic    | 2 3 |  3.0
Invocations    | 2 3 |  3.6
Hexes          | 4 |  4.2
Ice Magic      | 1 |  1.7

Action                   |  1- 3 |  4- 6 |  7- 9 | 10-12 || total
-------------------------+-------+-------+-------+-------++-------
Melee: Dagger            |    26 |     1 |       |       ||    27
       Short sword       |    34 |   126 |   458 |   127 ||   745
Throw: Dart              |       |    15 |    70 |    43 ||   128
       Boomerang         |       |    19 |    13 |    55 ||    87
 Cast: Ensorcelled Hiber |       |       |     8 |    23 ||    31
Evoke: Wand              |       |       |       |     2 ||     2
  Use: Scroll            |       |     3 |    11 |       ||    14
 Stab: Sleeping          |    14 |     5 |    19 |    13 ||    51
       Distracted        |       |     3 |     1 |       ||     4
Armor: Robe              |     5 |    28 |    66 |    10 ||   109
Dodge: Dodged            |    29 |   114 |   412 |   105 ||   660

Table legend: (Time is in decaauts)
 A = Elapsed time spent in this place.
 B = Non-inter-level travel time spent in this place.
 C = Inter-level travel time spent in this place.
 D = Time resting spent in this place.
 E = Time spent auto-exploring this place.
 F = Levels seen in this place.
 G = Mean time per level.
                   A        B        C        D        E       F      G
               +--------+--------+--------+--------+--------+-----+--------+
         Total |  10521 |   9913 |    608 |   4343 |   3176 |  11 |  956.5 |
       Dungeon |  10136 |   9599 |    537 |   4343 |   2984 |   9 | 1126.2 |
        Temple |    246 |    177 |     69 |      0 |    154 |   1 |  246.0 |
          Lair |    138 |    138 |      0 |      0 |     38 |   1 |  138.0 |
               +--------+--------+--------+--------+--------+-----+--------+

Top non-repeatable levels by time:
     D:3: 1933 daAuts
     D:8: 1874 daAuts
     D:7: 1856 daAuts
     D:6: 1735 daAuts
     D:5: 957 daAuts
     D:4: 706 daAuts
     D:1: 591 daAuts
     D:2: 472 daAuts
  Temple: 246 daAuts
  Lair:1: 138 daAuts
     D:9: 9 daAuts
